 Dungeon Crawl Stone Soup version 0.26.1-11-gd32895ea62 (webtiles) character file.

Game seed: 7621793193247702643

11122 Almogavar the Slicer (level 11, -3/84 HPs)
             Began as a Gnoll Wanderer on Apr 23, 2021.
             Was a High Priest of Okawaru.
             Slain by an ettin
             ... wielding a +0 great mace
              (26 damage)
             ... on level 10 of the Dungeon.
             The game lasted 00:33:55 (11058 turns).

Almogavar the Slicer (Gnoll Wanderer)              Turns: 11058, Time: 00:33:56

Health: -3/84      AC: 21    Str: 20    XL:     11   Next: 72%
Magic:  18/20      EV: 15    Int: 15    God:    Okawaru [*****.]
Gold:   729        SH:  8    Dex: 18    Spells: 23/23 levels left

rFire    . . .     SeeInvis .   a - +12 dagger of Mourning {vorpal, rC+ Int-2 Stlth+}
rCold    + . .     Faith    .   m - +0 buckler
rNeg     . . .     Spirit   .   Z - +4 chain mail of Ket Xaxapn {Rampage rPois Int+2}
rPois    +         Reflect  .   K - +0 helmet
rElec    .         Harm     .   b - scarf {+Inv}
rCorr    .         Rampage  +   (no gloves)
Will     .....                  (no boots)
Stlth    +++.......             (no amulet)
HPRegen  0.24/turn              B - +6 ring of strength
MPRegen  0.17/turn              Q - +4 ring of protection

@: heroism
A: distributed training, fangs 1, strong nose
a: Renounce Religion, Evoke Invisibility, Heroism, Finesse


You were on level 10 of the Dungeon.
You worshipped Okawaru.
Okawaru was extremely pleased with you.
You visited 2 branches of the dungeon, and saw 11 of its levels.

You collected 839 gold pieces.
You spent 110 gold pieces at shops.

Inventory:

Hand Weapons
 a - the +12 dagger of Mourning (weapon) {vorpal, rC+ Int-2 Stlth+}
   (You found it on level 4 of the Dungeon)

   It inflicts extra damage upon your enemies.
   It affects your intelligence (-2).
   It protects you from cold.
   It makes you more stealthy.
 d - a +2 flail of protection
 u - a +0 falchion
 w - a +2 hand crossbow of flaming
 E - the +1 short sword "Almogavar's Death" {freeze, Int+5}
   (You found it on level 6 of the Dungeon)

   It has been specially enchanted to freeze those struck by it, causing extra
   injury to most foes and up to half again as much damage against particularly
   susceptible opponents.
   It can also slow down cold-blooded creatures.
   It affects your intelligence (+5).
 J - a +0 antimagic scimitar
 M - the +8 whip of Ephee {vorpal, +Rage Will+ Int+3}
   (You found it on level 8 of the Dungeon)

   It inflicts extra damage upon your enemies.
   It affects your intelligence (+3).
   It affects your willpower, your defense against some magical effects.
   It lets you go berserk.
 N - a +4 dagger of electrocution
 R - the +4 flail of Fatigue {drain, *Contam rN+ Int+8, unknown}
   (You found it on level 10 of the Dungeon)

   A truly terrible weapon, it drains the life of those it strikes.
   It affects your intelligence (+8).
   It protects you from negative energy.
   It causes magical contamination when unequipped.
Missiles
 h - 11 boomerangs (quivered)
 j - 32 poisoned darts
 k - 225 arrows
 n - 33 bolts
 O - 7 javelins
 S - 5 silver boomerangs
Armour
 b - a scarf of invisibility (worn)
 m - a +0 buckler (worn)
 s - a +0 plate armour
 K - a +0 helmet (worn)
 Z - the +4 chain mail of Ket Xaxapn (worn) {Rampage rPois Int+2}
   (You found it on level 10 of the Dungeon)

   It affects your intelligence (+2).
   It protects you from poison.
   It bestows one free step when moving towards enemies.
Jewellery
 o - a +4 ring of evasion
 A - an uncursed ring of stealth
 B - a +6 ring of strength (left hand)
 G - an uncursed ring of magical power
 I - an uncursed ring of protection from fire
 P - an uncursed ring of magical power
 Q - a +4 ring of protection (right hand)
 W - an uncursed ring of poison resistance
 X - an uncursed ring of resist corrosion {unknown}
Wands
 v - a wand of iceblast (22)
 F - a wand of flame (25)
 T - a wand of disintegration (3)
 Y - a wand of paralysis (12)
Scrolls
 e - 5 scrolls of remove curse
 g - 7 scrolls of teleportation
 l - a scroll of magic mapping
 t - 2 scrolls of amnesia
 y - a scroll of silence {unknown}
 z - a scroll of acquirement {unknown}
 D - 4 scrolls of immolation
 U - a scroll of enchant armour {unknown}
 V - a scroll of fear {unknown}
Potions
 c - 4 potions of curing
 f - 2 potions of invisibility
 i - 3 potions of lignification
 p - 2 potions of haste
 q - 2 potions of resistance
 r - a potion of flight
 x - a potion of cancellation {unknown}
 C - 4 potions of heal wounds
 H - a potion of ambrosia {unknown}
Miscellaneous
 L - a phantom mirror


   Skills:
 + Level 7.1(12.1) Fighting
 + Level 9.3(14.3) Short Blades
 + Level 6.5(11.5) Long Blades
 + Level 6.5(11.5) Axes
 + Level 6.5(11.5) Maces & Flails
 + Level 6.5(11.5) Polearms
 + Level 6.5(11.5) Staves
 + Level 6.5(11.5) Slings
 + Level 7.1(12.1) Bows
 + Level 6.5(11.5) Crossbows
 + Level 6.5(11.5) Throwing
 + Level 7.1(12.1) Armour
 + Level 6.5(11.5) Dodging
 + Level 7.9(12.9) Stealth
 + Level 7.1(12.1) Shields
 + Level 6.5(11.5) Unarmed Combat
 + Level 6.5 Spellcasting
 + Level 5.4 Conjurations
 + Level 5.4 Hexes
 + Level 5.4 Summonings
 + Level 5.4 Necromancy
 + Level 5.4 Translocations
 + Level 5.4 Transmutations
 + Level 5.4 Fire Magic
 + Level 5.4 Ice Magic
 + Level 5.4 Air Magic
 + Level 5.4 Earth Magic
 + Level 5.4 Poison Magic
 + Level 7.2 Invocations
 + Level 7.1 Evocations


You had 23 spell levels left.
You didn't know any spells.
Your spell library contained the following spells:

 Spells                   Type           Power        Failure   Level
 Corona                   Hex            23%          10%         1
 Summon Small Mammal      Summ           84%          10%         1
 Call Imp                 Summ           21%          14%         2
 Slow                     Hex            21%          14%         2
 Call Canine Familiar     Summ           21%          28%         3
 Confusing Touch          Hex            21%          28%         3
 Gell's Gravitas          Tloc           10%          28%         3
 Inner Flame              Hex/Fire       21%          28%         3
 Portal Projectile        Hex/Tloc       42%          28%         3
 Summon Guardian Golem    Hex/Summ       21%          28%         3
 Cause Fear               Hex            10%          67%         4
 Leda's Liquefaction      Hex/Erth       10%          67%         4
 Petrify                  Tmut/Erth      21%          67%         4
 Summon Ice Beast         Ice/Summ       21%          67%         4
 Summon Lightning Spire   Summ/Air       21%          67%         4
 Metabolic Englaciation   Hex/Ice        10%          95%         5
 Yara's Violent Unravell  Hex/Tmut       10%          95%         5


Dungeon Overview and Level Annotations

Branches:
Dungeon (10/15)            Temple (0/1) D:7            Lair (0/6) D:9
    Orc (1/2) D:10

Altars:
Dithmenos
Gozag
Nemelex Xobeh
Okawaru
Sif Muna
Trog
Wu Jian
Xom

Shops:
D:5 }   D:6 !?}=   D:8 ?


Innate Abilities, Weirdness & Mutations

Your experience applies equally to all skills.
You have very sharp teeth.
Your uncanny sense of smell can sniff out nearby items.


Message History

You gain the combat prowess of a mighty hero.
The orc hits you with a +0 hand axe. The ettin hits you but does no damage.
The ettin closely misses you.
Unknown command.
You puncture the ettin!
The ettin is heavily wounded.
You block the orc's attack.
You hit the ettin but do no damage.
The ettin is heavily wounded.
The ettin hits you with a +0 great mace!
* * * LOW HITPOINT WARNING * * *
You block the ettin's attack.
You barely miss the ettin.
The ettin is heavily wounded.
The orc hits you but does no damage.
Unknown command.
You puncture the ettin!
The ettin is severely wounded.
The ettin hits you with a +0 great mace!!
You die...

....######.......#..#..........#.
.........#.......#..#..........#.
.........######+.#..#..........#.
.........#####.....#####.......#.
.........#......8...[..######'##.
.........#.............#....<....
.........#.)...........#.........
.........[)[....Co...............
.....###..8.....@.....8..........
.....#...........................
.....#...#.............#.........
.....#...#.............#.........
.....#...#......8......#.........
.....#########.....#####.).......
.................................
.....######...................#'#
...###....###.................#..


You could see an ettin and an orc.

Vanquished Creatures
  A centaur warrior (D:8)
  The ghost of dracomuter the Cleaver, a novice HuFi (D:7)
  A wizard (D:10)
  An orange crystal statue (D:9)
  Pikel (D:5)
  The ghost of hallab the Chopper, a novice DrGl (D:6)
  A manticore (D:8)
  Joseph (D:8)
  A gargoyle (D:10)
  2 trolls
  2 hornets
  2 shadows
  4 wyverns
  A yak (D:9)
  Edmund (D:4)
  6 orc warriors
  3 sky beasts
  2 black bears
  An ice beast (D:9)
  A centaur (D:9)
  5 ogres
  3 phantoms
  A lemure (D:5)
  A big kobold (D:8)
  7 bullfrogs
  Blork the orc (D:8)
  A water moccasin zombie (D:10)
  A wyvern skeleton (D:6)
  4 scorpions
  A water moccasin skeleton (D:4)
  2 troll zombies (D:10)
  7 wights
  A killer bee (D:9)
  5 howler monkeys
  2 bullfrog zombies
  A jelly (D:7)
  3 centaur zombies
  6 orc priests
  2 hounds (D:5)
  2 bullfrog skeletons
  8 orc wizards
  An iguana (D:6)
  3 worker ants
  6 ogre zombies (D:10)
  A hound zombie (D:5)
  2 hound skeletons
  A worker ant zombie (D:5)
  3 gnolls (D:6)
  17 adders
  3 shadow imps
  2 white imps
  2 ufetubi
  2 adder skeletons
  A worm (D:4)
  4 dart slugs
  7 leopard geckos
  40 orcs
  2 bats
  6 giant cockroaches
  9 goblins
  9 hobgoblins
  7 jackals
  5 quokkas
  4 ball pythons
  2 frilled lizards
  2 goblin skeletons (D:10)
  3 goblin zombies (D:10)
  3 hobgoblin skeletons (D:10)
  2 hobgoblin zombies (D:10)
  A jackal zombie (D:6)
  11 kobolds
  2 orc skeletons (D:10)
  13 orc zombies (D:10)
  4 rats
278 creatures vanquished.

Notes
Turn   | Place    | Note
-------+----------+-------------------------------------------
     0 | D:1      | Almogavar the Gnoll Wanderer began the quest for the Orb.
     0 | D:1      | Almogavar set off with the following items: a +0 falchion,
                  | a +2 scale mail, a potion of curing, a +0 dagger
     0 | D:1      | Reached XP level 1. HP: 17/17 MP: 1/1
   250 | D:1      | Reached XP level 2. HP: 14/23 MP: 2/2
   982 | D:2      | Reached XP level 3. HP: 27/28 MP: 3/3
  1128 | D:2      | Noticed a scorpion
  1147 | D:1      | HP: 1/28 [scorpion (2)]
  1150 | D:1      | Killed a scorpion
  1151 | D:1      | Reached skill level 1 in Long Blades
  1151 | D:1      | Reached skill level 1 in Axes
  1151 | D:1      | Reached skill level 1 in Maces & Flails
  1151 | D:1      | Reached skill level 1 in Polearms
  1151 | D:1      | Reached skill level 1 in Staves
  1151 | D:1      | Reached skill level 1 in Slings
  1151 | D:1      | Reached skill level 1 in Crossbows
  1151 | D:1      | Reached skill level 1 in Throwing
  1151 | D:1      | Reached skill level 1 in Dodging
  1151 | D:1      | Reached skill level 1 in Unarmed Combat
  1151 | D:1      | Reached skill level 1 in Spellcasting
  1151 | D:1      | Reached skill level 1 in Invocations
  1151 | D:1      | Reached XP level 4. HP: 7/34 MP: 5/5
  1564 | D:2      | Reached skill level 1 in Conjurations
  1564 | D:2      | Reached skill level 1 in Hexes
  1564 | D:2      | Reached skill level 1 in Summonings
  1564 | D:2      | Reached skill level 1 in Necromancy
  1564 | D:2      | Reached skill level 1 in Translocations
  1564 | D:2      | Reached skill level 1 in Transmutations
  1564 | D:2      | Reached skill level 1 in Fire Magic
  1564 | D:2      | Reached skill level 1 in Ice Magic
  1564 | D:2      | Reached skill level 1 in Air Magic
  1564 | D:2      | Reached skill level 1 in Earth Magic
  1564 | D:2      | Reached skill level 1 in Poison Magic
  2312 | D:3      | Found an iron altar of Okawaru.
  2320 | D:3      | Became a worshipper of Warmaster Okawaru
  2376 | D:3      | Reached XP level 5. HP: 37/40 MP: 6/6
  2481 | D:3      | Found an opulent altar of Gozag.
  2937 | D:4      | Reached XP level 6. HP: 35/47 MP: 8/8
  3341 | D:4      | Reached * piety under Okawaru
  3636 | D:4      | Got a bone dagger
  3637 | D:4      | Identified the +12 dagger of Mourning {vorpal, rC+ Int-2
                  | Stlth+} (You found it on level 4 of the Dungeon)
  3706 | D:4      | Noticed Edmund
  3714 | D:4      | Killed Edmund
  3715 | D:4      | Reached skill level 7 in Short Blades
  3715 | D:4      | Reached XP level 7. HP: 49/52 MP: 10/10
  3852 | D:4      | Found a bloodstained altar of Trog.
  4080 | D:4      | Found an ornate altar of the Wu Jian Council.
  4206 | D:5      | Entered Level 5 of the Dungeon
  4234 | D:5      | Noticed Pikel
  4257 | D:5      | Killed Pikel
  4257 | D:5      | Reached ** piety under Okawaru
  4258 | D:5      | Reached skill level 5 in Stealth
  4258 | D:5      | Reached XP level 8. HP: 59/60 MP: 10/12
  4684 | D:5      | Reached *** piety under Okawaru
  4767 | D:5      | Found Doito's Gadget Shoppe.
  5186 | D:6      | Reached XP level 9. HP: 62/66 MP: 14/14
  5240 | D:6      | Found a runed translucent door.
  5241 | D:6      | Noticed hallab's ghost (novice DrGl)
  5377 | D:6      | Found Bozoo's Distillery.
  5390 | D:6      | Bought a potion of heal wounds for 55 gold pieces
  5390 | D:6      | Bought a potion of heal wounds for 55 gold pieces
  5391 | D:6      | Found Gekon's Magic Scroll Shoppe.
  5669 | D:6      | Found Vurelih's Jewellery Shop.
  5792 | D:6      | Found a shadowy altar of Dithmenos.
  6005 | D:6      | Found Coklec's Gadget Emporium.
  6184 | D:6      | Killed hallab's ghost
  6185 | D:6      | Reached skill level 5 in Fighting
  6185 | D:6      | Reached skill level 5 in Bows
  6185 | D:6      | Reached skill level 5 in Armour
  6185 | D:6      | Reached skill level 5 in Shields
  6185 | D:6      | Reached skill level 5 in Evocations
  6193 | D:6      | Got a smoking short sword
  6254 | D:7      | Reached skill level 8 in Short Blades
  6344 | D:7      | Reached **** piety under Okawaru
  6348 | D:7      | Reached skill level 5 in Invocations
  6731 | D:7      | Found a staircase to the Ecumenical Temple.
  6958 | D:7      | Found a runed translucent door.
  6958 | D:7      | Noticed dracomuter's ghost (novice HuFi)
  7119 | D:7      | Killed dracomuter's ghost
  7120 | D:7      | Reached skill level 5 in Long Blades
  7120 | D:7      | Reached skill level 5 in Axes
  7120 | D:7      | Reached skill level 5 in Maces & Flails
  7120 | D:7      | Reached skill level 5 in Polearms
  7120 | D:7      | Reached skill level 5 in Staves
  7120 | D:7      | Reached skill level 5 in Slings
  7120 | D:7      | Reached skill level 5 in Crossbows
  7120 | D:7      | Reached skill level 5 in Throwing
  7120 | D:7      | Reached skill level 5 in Dodging
  7120 | D:7      | Reached skill level 5 in Unarmed Combat
  7120 | D:7      | Reached skill level 5 in Spellcasting
  7120 | D:7      | Reached XP level 10. HP: 64/76 MP: 17/17
  7207 | D:8      | Received a gift from Okawaru
  7217 | D:8      | Noticed a centaur warrior
  7220 | D:8      | Killed a centaur warrior
  7220 | D:8      | Reached ***** piety under Okawaru
  7295 | D:8      | Noticed a manticore
  7303 | D:8      | Got a transparent whip
  7304 | D:8      | Identified the +8 whip of Ephee {vorpal, +Rage Will+ Int+3}
                  | (You found it on level 8 of the Dungeon)
  7305 | D:8      | Identified the cursed +1 short sword "Almogavar's Death"
                  | {freeze, Int+5} (You found it on level 6 of the Dungeon)
  7329 | D:8      | Killed a manticore
  7417 | D:8      | Found Wual's Magic Scroll Shop.
  7422 | D:8      | Noticed Joseph
  7447 | D:8      | Killed Joseph
  7796 | D:8      | Received a gift from Okawaru
  8034 | D:8      | Reached XP level 11. HP: 37/83 MP: 19/19
  8348 | D:8      | Noticed Blork the orc
  8363 | D:8      | Killed Blork the orc
  8417 | D:8      | Found a shimmering blue altar of Sif Muna.
  8553 | D:9      | Noticed an orange crystal statue
  8692 | D:9      | Found a staircase to the Lair.
  8844 | D:9      | Found a shadowy altar of Dithmenos.
  8845 | D:9      | Found a shimmering altar of Xom.
  9004 | D:9      | Found a sparkling altar of Nemelex Xobeh.
  9146 | D:9      | Killed an orange crystal statue
  9147 | D:9      | Reached skill level 9 in Short Blades
  9147 | D:9      | Reached skill level 5 in Conjurations
  9147 | D:9      | Reached skill level 5 in Hexes
  9147 | D:9      | Reached skill level 5 in Summonings
  9147 | D:9      | Reached skill level 5 in Necromancy
  9147 | D:9      | Reached skill level 5 in Translocations
  9147 | D:9      | Reached skill level 5 in Transmutations
  9147 | D:9      | Reached skill level 5 in Fire Magic
  9147 | D:9      | Reached skill level 5 in Ice Magic
  9147 | D:9      | Reached skill level 5 in Air Magic
  9147 | D:9      | Reached skill level 5 in Earth Magic
  9147 | D:9      | Reached skill level 5 in Poison Magic
  9381 | D:9      | Found a runed translucent door.
  9642 | D:10     | Entered Level 10 of the Dungeon
 10185 | D:10     | Noticed a wizard
 10194 | D:10     | Killed a wizard
 10208 | D:10     | Received a gift from Okawaru
 10361 | D:10     | Found a staircase to the Orcish Mines.
 10718 | D:10     | Got a smoking chain mail
 10729 | D:10     | Identified the +4 chain mail of Ket Xaxapn {Rampage rPois
                  | Int+2} (You found it on level 10 of the Dungeon)
 10856 | D:10     | Got a slimy flail
 11049 | Orc:1    | Entered Level 1 of the Orcish Mines
 11049 | Orc:1    | Noticed an ettin
 11058 | D:10     | Slain by an ettin

Illustrated notes

Levels and vault maps discovered:
D:1:      dpeg_arrival_more_subterranean_lakeside_camping, layout_basic
D:2:      layout_rooms, minmay_fractal_squares_5
D:3:      layout_rooms, kennysheep_okawaru_gauntlet, nicolae_gozag_seed_capital
D:4:      layout_rooms, lightli_temple_of_fire, lemuel_coloured_pillars_altar,
          uniq_edmund
D:5:      layout_gridville, serial_shops, kennysheep_mini, uniq_pikel
D:6:      layout_basic, ebering_ghost_reflecting_pool, serial_shops,
          nicolae_shop_statue_plus, nicolae_shop_temple_entry_statues_fountains,
          nicolae_shop_waterfront, shop_statue, grunt_dithmenos_shadows
D:7:      layout_basic, minmay_temple_entry_waves, ebering_ghost_inner_flame
D:8:      layout_gridville, tgw_sif, serial_shops,
          nicolae_shop_temple_entry_statues_fountains, minmay_evil_grid,
          uniq_joseph
D:9:      layout_basic, nemelex_xobeh_ov_fountains_minmay,
          gammafunk_temple_overflow_statue, lair_entry_dummy, minivault_16,
          minmay_st_funbox, kennysheep_generic_room_2
D:10:     layout_irregular_city, zombieorc2_lemuel
Orc:1:    layout_caves, nicolae_orc_stony_grotto, nicolae_orc_crystal_geode

Skill      XL: |  1  2  3  4  5  6  7  8  9 10 11 |
---------------+----------------------------------+-----
Long Blades    | 1 2 3 5 6 |  6.5
Axes           | 1 2 3 5 6 |  6.5
Maces & Flails | 1 2 3 5 6 |  6.5
Polearms       | 1 2 3 5 6 |  6.5
Staves         | 1 2 3 5 6 |  6.5
Slings         | 1 2 3 5 6 |  6.5
Crossbows      | 1 2 3 5 6 |  6.5
Throwing       | 1 2 3 5 6 |  6.5
Dodging        | 1 2 3 5 6 |  6.5
Unarmed Combat | 1 2 3 5 6 |  6.5
Spellcasting   | 1 2 3 5 6 |  6.5
Invocations    | 1 2 3 4 5 6 7 |  7.2
Conjurations   | 1 2 3 4 5 |  5.4
Hexes          | 1 2 3 4 5 |  5.4
Summonings     | 1 2 3 4 5 |  5.4
Necromancy     | 1 2 3 4 5 |  5.4
Translocations | 1 2 3 4 5 |  5.4
Transmutations | 1 2 3 4 5 |  5.4
Fire Magic     | 1 2 3 4 5 |  5.4
Ice Magic      | 1 2 3 4 5 |  5.4
Air Magic      | 1 2 3 4 5 |  5.4
Earth Magic    | 1 2 3 4 5 |  5.4
Poison Magic   | 1 2 3 4 5 |  5.4
Fighting       | 3 4 5 6 7 |  7.1
Bows           | 3 4 5 6 7 |  7.1
Armour         | 3 4 5 6 7 |  7.1
Shields        | 3 4 5 6 7 |  7.1
Evocations     | 3 4 5 6 7 |  7.1
Short Blades   | 7 8 9 |  9.3
Stealth        | 5 6 7 |  7.9

Action                   |  1- 3 |  4- 6 |  7- 9 | 10-12 || total
-------------------------+-------+-------+-------+-------++-------
Melee: Falchion          |    73 |    98 |       |       ||   171
       Bite              |     7 |    11 |    25 |    37 ||    80
       Punch             |     1 |       |       |       ||     1
       Dagger            |       |     3 |   224 |   316 ||   543
 Fire: Hand crossbow     |       |    65 |    28 |       ||    93
Throw: Boomerang         |       |       |    52 |   143 ||   195
Invok: Heroism           |       |       |     3 |     8 ||    11
Evoke: Wand              |       |       |       |     2 ||     2
  Use: Potion            |     2 |     2 |       |     1 ||     5
       Scroll            |       |     9 |     2 |     6 ||    17
 Stab: Sleeping          |       |     2 |    11 |     9 ||    22
       Distracted        |       |       |     2 |     1 ||     3
Armor: Scale mail        |    35 |    40 |    31 |    40 ||   146
       Skin              |       |     3 |       |       ||     3
       Chain mail        |       |       |       |     4 ||     4
Dodge: Dodged            |    38 |    65 |    69 |   130 ||   302
Block: Buckler           |     3 |    28 |    36 |    63 ||   130
       Rpst.: Falchion   |    14 |    17 |       |       ||    31
